 Dungeon Crawl Stone Soup version 0.31.0-9-g3a7656b989 (webtiles) character file.

Game seed: 4118028267534553316

7165 qw the Nimble (level 10, -2/51 HPs)
             Began as a Spriggan Hunter on Feb 2, 2024.
             Was a Follower of Okawaru.
             Slain by a sixfirhy (12 damage)
             ... summoned by a kobold demonologist
             ... on level 10 of the Dungeon.
             The game lasted 00:00:51 (6841 turns).

qw the Nimble (Spriggan Hunter)                     Turns: 6841, Time: 00:00:52

Health: -2/51      AC:  8    Str:  7    XL:     10   Next: 86%
Magic:  10/11      EV: 35    Int: 10    God:    Okawaru [*.....]
Gold:   355        SH:  0    Dex: 26    Spells: 9/9 levels left

rFire   + . .        r - +8 shortbow of the Sneaky Nightmares {flame, rPois rF+ Dex+2}
rCold   . . .        (shield currently unavailable)
rNeg    . . .        a - +0 troll leather armour
rPois   +            k - +2 hat {Will+}
rElec   .            i - +2 cloak
rCorr   .            (gloves unavailable)
SInv    +            (boots unavailable)
Will    +++..        e - amulet of regeneration
Stlth   ++           j - +5 ring of evasion
HPRegen 1.88/turn    b - ring of willpower
MPRegen 0.12/turn

%: no passive effects
@: about to teleport, very quick
A: very small, no large weapons, unfitting armour, see invisible, speed 3
a: Renounce Religion, Heroism


You were on level 10 of the Dungeon.
You worshipped Okawaru.
Okawaru was aware of your devotion.
You visited 2 branches of the dungeon, and saw 11 of its levels.

You collected 563 gold pieces.
You spent 208 gold pieces at shops.


Innate Abilities, Weirdness & Mutations

You are very small and have problems with some larger weapons.
You are too small for most types of armour.
You have supernaturally acute eyesight. (SInv)
You cover ground extremely quickly. (Speed+++)


   Skills:
 - Level 5.1 Fighting
 + Level 12.6 Ranged Weapons
 - Level 1.2 Armour
 - Level 13.0 Dodging
 - Level 1.5 Stealth
 + Level 0.6 Invocations


You had 9 spell levels left.
You didn't know any spells.
Your spell library was empty.

Inventory:

Hand Weapons
 h - a +0 orcbow
 r - the +8 shortbow of the Sneaky Nightmares (weapon) {flame, rPois rF+ Dex+2}
   (You found it on level 9 of the Dungeon)

   Dex+2:     It affects your dexterity (+2).
   rF+:       It protects you from fire.
   rPois:     It protects you from poison
Armour
 a - a +0 troll leather armour (worn)
 i - a +2 cloak (worn)
 k - a +2 hat of willpower (worn)
Jewellery
 b - a ring of willpower (right hand)
 e - an amulet of regeneration (around neck)
 f - a ring of wizardry
 j - a +5 ring of evasion (left hand)
 q - a ring of fire
 s - a +6 ring of strength
Wands
 m - a wand of iceblast (23)
 o - a wand of charming (19)
Scrolls
 c - a scroll of identify
 v - 2 scrolls of teleportation
Potions
 d - 2 potions of curing
 g - 2 potions of might
 l - a potion of resistance
 n - a potion of heal wounds

Dungeon Overview and Level Annotations

Branches:
Dungeon (10/15)            Temple (1/1) D:4
   Lair: D:8-11         Orc: D:9-12

Altars:
Ashenzari
Cheibriados
Dithmenos
Elyvilon
Fedhas
Gozag
Hepliaklqana
Kikubaaqudgha
Makhleb
Nemelex Xobeh
Okawaru
Qazlal
Ru
Sif Muna
Trog
Uskayaw
Vehumet
Wu Jian
Xom
Yredelemnul
Zin
The Shining One

Shops:
D:3 (   D:4 ?==

Annotations:
D:3 1 runed translucent door, qw's ghost, amateur DjHu
D:6 1 runed translucent door, Crazy Yiuf


Message History

The hellwing is almost dead.
The sixfirhy completely misses you. x2; The hellwing closely misses you.
The hellwing completely misses you. The sixfirhy misses you.
You shoot an arrow.
The arrow hits the hellwing but does no damage.
The hellwing is almost dead.
The sixfirhy completely misses you. x2; The hellwing barely misses you.
The hellwing closely misses you. The sixfirhy completely misses you.
You shoot an arrow. The arrow hits the hellwing!
The arrow burns the hellwing.
You kill the hellwing!
The hellwing disappears in a puff of smoke!
The sixfirhy completely misses you.
You shoot an arrow. The arrow closely misses the sixfirhy.
The arrow misses the ufetubus.
The arrow closely misses the kobold demonologist.
The arrow closely misses the ice devil.
The arrow barely misses the kobold brigand.
The arrow hits the kobold!
The arrow burns the kobold.
You kill the kobold!
Okawaru accepts your kill.
You shoot an arrow. The arrow misses the sixfirhy.
The arrow hits the ufetubus but does no damage.
You shoot an arrow. The arrow hits the sixfirhy.
The arrow burns the sixfirhy.
The sixfirhy is moderately wounded.
The sixfirhy hits you but does no damage.
A kobold brigand comes into view.
It is wielding a +0 dagger and quivering poisoned darts.
The sixfirhy completely misses you.
You shoot an arrow. The kobold brigand shouts!
The arrow hits the sixfirhy!
The arrow burns the sixfirhy.
The sixfirhy is heavily wounded.
You feel like a meek peon again. The sixfirhy hits you.
The sixfirhy shocks you! The sixfirhy completely misses you.
The sixfirhy hits you! The sixfirhy shocks you!
6841 ||| READING 3 scrolls of teleportation.
As you read the scroll of teleportation, it crumbles to dust.
You feel strangely unstable. The sixfirhy closely misses you.
The sixfirhy hits you. The sixfirhy shocks you!
You die...

#....'.......#
#...)######).#
#.#### #..# #.#
#))# #.# #####).#
#.# #....).# #.#
#.###.###### #.#
#.#......... #@#
#.#.#.######
#3#####.#.#.....#
#K#.).....#.###.#
#5#############.#
#4# #......# #K#
#.###### #K# #.#
#.# #.# #.#######


You could see an ice devil (summoned), a kobold demonologist, a sixfirhy
(summoned), 2 kobold brigands and an ufetubus (summoned).

Vanquished Creatures
  A two-headed ogre (D:5)
  Jeremiah (D:9)
  A troll (D:9)
  11 yaks
  A shadow (D:9)
  A wraith (D:8)
  A steam dragon (D:9)
  A water moccasin (D:7)
  3 orc warriors
  3 ice beasts
  2 ogres
  2 black bears
  5 centaurs
  A phantom (D:6)
  3 kobold brigands
  A necrophage (D:6)
  5 bullfrogs
  A gnoll sergeant (D:10)
  4 wights (D:6)
  8 killer bees
  2 electric eels (D:10)
  3 howler monkeys
  2 bombardier beetles
  4 hounds
  A bullfrog zombie (D:6)
  3 jellies
  A gnoll bouda (D:5)
  2 orc priests
  A bullfrog skeleton (D:6)
  11 orc wizards
  2 iguanas (D:7)
  2 sleepcaps (D:7)
  A killer bee simulacrum (D:6)
  9 adders
  8 gnolls
  A white imp (D:5)
  2 dart slugs
  A ribbon worm (D:2)
  37 orcs
  11 ball pythons
  7 endoplasms
  5 giant cockroaches
  2 hobgoblins (D:1)
  3 jackals (D:1)
  25 kobolds
  3 quokkas
  4 bats
  5 frilled lizards
  6 goblins
  8 rats
228 creatures vanquished.

Vanquished Creatures (others)
  A sky beast (D:8)
1 creature vanquished.

Grand Total: 229 creatures vanquished

Notes
Turn   | Place    | Note
-------+----------+-------------------------------------------
     0 | D:1      | qw the Spriggan Hunter began the quest for the Orb.
     0 | D:1      | Reached XP level 1. HP: 10/10 MP: 2/2
     0 | D:1      | 0 ||| qw: Version: 0.3-a-155-g5e7d8dd
     0 | D:1      | 0 ||| qw: Game counter: 252
     0 | D:1      | 0 ||| qw: Melee chars always use a shield: true
     0 | D:1      | 0 ||| qw: God list: Okawaru
     0 | D:1      | 0 ||| qw: Allow faded altars: false
     0 | D:1      | 0 ||| qw: Do Orc after clearing Dungeon:15 true
     0 | D:1      | 0 ||| qw: Do second Lair branch before Depths: true
     0 | D:1      | 0 ||| qw: Lair rune preference: random
     0 | D:1      | 0 ||| qw: Goals: Normal
     0 | D:1      | 0 ||| PLANNING D:1-11
    52 | D:1      | Reached skill level 3 in Dodging
    85 | D:1      | Reached XP level 2. HP: 14/14 MP: 3/3
   178 | D:1      | Reached skill level 4 in Dodging
   482 | D:1      | Reached XP level 3. HP: 16/18 MP: 4/4
   892 | D:1      | 892 ||| UPGRADING to amulet of regeneration.
   897 | D:1      | 897 ||| READING scroll labelled WIYKHI BATUF.
   897 | D:1      | 897 ||| IDENTIFYING emerald potion
   898 | D:1      | 898 ||| READING scroll labelled VOK KAHOGAOW.
   901 | D:1      | 901 ||| DROPPING scroll of butterflies.
   995 | D:2      | Reached XP level 4. HP: 22/22 MP: 5/5
  1124 | D:2      | Found a shimmering altar of Xom.
  1510 | D:2      | 1510 ||| UPGRADING to +0 cloak.
  1515 | D:2      | 1515 ||| READING scroll labelled FILITE VEEMO.
  1516 | D:2      | 1516 ||| DRINKING 2 viscous black potions.
  1546 | D:2      | 1546 ||| DROPPING potion of lignification.
  1625 | D:3      | Found a runed translucent door.
  1625 | D:3      | Noticed qw's ghost (amateur DjHu)
  1655 | D:3      | Reached skill level 5 in Dodging
  1809 | D:3      | Reached XP level 5. HP: 26/26 MP: 6/6
  2028 | D:3      | Found a faded altar of an unknown god.
  2126 | D:3      | Found Guoleg's Weapon Boutique.
  2165 | D:3      | 2165 ||| UPGRADING to +2 hat of willpower.
  2170 | D:3      | 2170 ||| UPGRADING to +5 ring of evasion.
  2171 | D:3      | 2171 ||| READING scroll of identify.
  2171 | D:3      | 2171 ||| IDENTIFYING fizzy puce potion
  2172 | D:3      | 2172 ||| READING scroll labelled VIXIGRO KOAWAO.
  2173 | D:3      | 2173 ||| DROPPING potion of invisibility.
  2187 | D:4      | Found Fampetap's Jewellery Shoppe.
  2195 | D:4      | 2195 ||| SHOPLISTING amulet of reflection (360 gold, have
                  | 202).
  2195 | D:4      | 2195 ||| SHOPLISTING ring "Miduhikk" {rF+ Dex+2} (434 gold,
                  | have 202).
  2195 | D:4      | 2195 ||| SHOPLISTING ring "Toitukhlu" {Fly Dex+3 SInv} (420
                  | gold, have 202).
  2195 | D:4      | 2195 ||| SHOPLISTING ring of the Everdark {Str+6 SInv} (566
                  | gold, have 202).
  2216 | D:4      | Found Ilasehuwk's Jewellery Shoppe.
  2220 | D:4      | Reached skill level 6 in Ranged Weapons
  2228 | D:4      | 2228 ||| SHOPLISTING +5 ring of evasion (432 gold, have
                  | 213).
  2228 | D:4      | 2228 ||| SHOPLISTING ring "Voaroges" {Ice Int+3} (459 gold,
                  | have 213).
  2228 | D:4      | 2228 ||| SHOPLISTING ring of protection from cold (300
                  | gold, have 213).
  2235 | D:4      | Found Gifihiso's Magic Scroll Emporium.
  2246 | D:4      | 2246 ||| BUYING scroll of enchant weapon (82 gold).
  2246 | D:4      | Bought a scroll of enchant weapon for 82 gold pieces
  2246 | D:4      | 2246 ||| BUYING scroll of enchant weapon (82 gold).
  2246 | D:4      | Bought a scroll of enchant weapon for 82 gold pieces
  2246 | D:4      | 2246 ||| BUYING scroll of identify (22 gold).
  2246 | D:4      | Bought a scroll of identify for 22 gold pieces
  2246 | D:4      | 2246 ||| BUYING scroll of identify (22 gold).
  2246 | D:4      | Bought a scroll of identify for 22 gold pieces
  2246 | D:4      | 2246 ||| SHOPLISTING scroll of identify (22 gold, have 5).
  2246 | D:4      | 2246 ||| READING 3 scrolls of enchant weapon.
  2246 | D:4      | 2246 ||| ENCHANTING +0 shortbow.
  2247 | D:4      | 2247 ||| READING 2 scrolls of enchant weapon.
  2247 | D:4      | 2247 ||| ENCHANTING +1 shortbow.
  2248 | D:4      | 2248 ||| READING scroll of enchant weapon.
  2248 | D:4      | 2248 ||| ENCHANTING +2 shortbow.
  2295 | D:4      | Found a staircase to the Ecumenical Temple.
  2296 | D:4      | 2296 ||| PLANNING TEMPLE
  2296 | D:4      | 2296 ||| READING 2 scrolls of identify.
  2296 | D:4      | 2296 ||| IDENTIFYING orange potion
  2297 | D:4      | 2297 ||| READING scroll of identify.
  2297 | D:4      | 2297 ||| IDENTIFYING blue potion
  2298 | D:4      | 2298 ||| READING scroll labelled BUITZAWK OSUI.
  2300 | D:4      | 2300 ||| Stepping ~*~*~tactically~*~*~ (cloud).
  2323 | D:4      | Reached XP level 6. HP: 30/30 MP: 7/7
  2330 | Temple   | Entered the Ecumenical Temple
  2331 | Temple   | 2331 ||| PLANNING D:1-11
  2613 | D:4      | Reached skill level 6 in Dodging
  2750 | D:4      | 2750 ||| READING scroll of identify.
  2750 | D:4      | 2750 ||| IDENTIFYING dark potion
  2751 | D:4      | 2751 ||| READING scroll labelled WOHAYN POJOO.
  2752 | D:4      | 2752 ||| DROPPING potion of degeneration.
  2756 | D:5      | Entered Level 5 of the Dungeon
  2772 | D:5      | 2772 ||| FLEEEEING.
  2773 | D:5      | 2773 ||| FLEEEEING.
  2782 | D:5      | Noticed a two-headed ogre
  2783 | D:5      | 2783 ||| RETREEEEATING.
  2784 | D:5      | 2784 ||| RETREEEEATING.
  2785 | D:5      | 2785 ||| ZAPPING wand of iceblast (17) at -5,-1 (two-headed
                  | ogre; floor).
  2786 | D:5      | 2786 ||| ZAPPING wand of iceblast (16) at -4,-1 (two-headed
                  | ogre; floor).
  2787 | D:5      | 2787 ||| RETREEEEATING.
  2789 | D:5      | 2789 ||| ZAPPING wand of iceblast (15) at -2,-2 (two-headed
                  | ogre; floor).
  2793 | D:5      | HP: 2/30 [two-headed ogre/+0 giant spiked club (11)]
  2794 | D:5      | 2794 ||| READING scroll of teleportation.
  2796 | D:5      | Killed a two-headed ogre
  2797 | D:5      | Reached XP level 7. HP: 7/35 MP: 8/8
  2797 | D:5      | Reached XP level 8. HP: 8/39 MP: 9/9
  2854 | D:5      | Reached skill level 7 in Dodging
  2894 | D:5      | Reached skill level 8 in Dodging
  3217 | D:5      | 3217 ||| UPGRADING to ring of willpower.
  3223 | D:6      | 3223 ||| STAIRDANCE
  3229 | D:6      | 3229 ||| STAIRDANCE
  3240 | D:6      | 3240 ||| STAIRDANCE
  3255 | D:6      | 3255 ||| STAIRDANCE
  3272 | D:6      | Reached skill level 3 in Fighting
  3305 | D:6      | Reached skill level 9 in Ranged Weapons
  3641 | D:6      | Found a white marble altar of Elyvilon.
  3692 | D:6      | 3692 ||| FLEEEEING.
  3693 | D:6      | 3693 ||| FLEEEEING.
  3694 | D:6      | 3694 ||| FLEEEEING.
  3695 | D:6      | 3695 ||| FLEEEEING.
  3697 | D:6      | 3697 ||| FLEEEEING.
  3698 | D:6      | 3698 ||| FLEEEEING.
  3699 | D:6      | 3699 ||| FLEEEEING.
  3701 | D:6      | 3701 ||| FLEEEEING.
  3702 | D:6      | 3702 ||| FLEEEEING.
  3703 | D:6      | 3703 ||| FLEEEEING.
  3704 | D:6      | 3704 ||| FLEEEEING.
  3705 | D:6      | 3705 ||| FLEEEEING.
  3708 | D:6      | 3708 ||| FLEEEEING.
  3709 | D:6      | 3709 ||| FLEEEEING.
  3710 | D:6      | 3710 ||| FLEEEEING.
  3711 | D:6      | 3711 ||| FLEEEEING.
  3712 | D:6      | 3712 ||| FLEEEEING.
  3713 | D:6      | 3713 ||| FLEEEEING.
  3718 | D:6      | 3718 ||| ZAPPING wand of iceblast (14) at 1,-2 (kobold
                  | brigand; floor).
  3724 | D:6      | Reached skill level 9 in Dodging
  3724 | D:6      | 3724 ||| FLEEEEING.
  3725 | D:6      | 3725 ||| FLEEEEING.
  3726 | D:6      | 3726 ||| FLEEEEING.
  3727 | D:6      | 3727 ||| FLEEEEING.
  3728 | D:6      | 3728 ||| FLEEEEING.
  3729 | D:6      | 3729 ||| FLEEEEING.
  3838 | D:6      | 3838 ||| RETREEEEATING.
  3839 | D:6      | 3839 ||| RETREEEEATING.
  3840 | D:6      | 3840 ||| RETREEEEATING.
  3846 | D:6      | 3846 ||| RETREEEEATING.
  3860 | D:6      | Reached XP level 9. HP: 44/44 MP: 10/10
  3969 | D:6      | Found a runed translucent door.
  3970 | D:6      | Noticed Crazy Yiuf
  3973 | D:6      | 3973 ||| DROPPING ring of resist corrosion.
  3974 | D:6      | 3974 ||| DROPPING ring of flight.
  3975 | D:6      | 3975 ||| READING 5 scrolls of identify.
  3975 | D:6      | 3975 ||| IDENTIFYING murky cyan potion
  3976 | D:6      | 3976 ||| READING 4 scrolls of identify.
  3976 | D:6      | 3976 ||| IDENTIFYING black potion
  3977 | D:6      | 3977 ||| READING 3 scrolls of identify.
  3977 | D:6      | 3977 ||| IDENTIFYING 2 fuming coppery potions
  3978 | D:6      | 3978 ||| READING 2 scrolls of identify.
  3978 | D:6      | 3978 ||| IDENTIFYING scroll labelled LIULOYCROF
  3979 | D:6      | 3979 ||| READING scroll of identify.
  3979 | D:6      | 3979 ||| IDENTIFYING scroll labelled ATUDIM YLOBO
  3980 | D:6      | 3980 ||| DROPPING scroll of noise.
  3981 | D:6      | 3981 ||| DROPPING scroll of blinking.
  3982 | D:6      | 3982 ||| DROPPING 2 potions of brilliance.
  3983 | D:6      | 3983 ||| DROPPING potion of ambrosia.
  4118 | D:7      | Reached skill level 10 in Dodging
  4376 | D:7      | 4376 ||| SWAPPING to +0 orcbow.
  4377 | D:7      | 4377 ||| DROPPING +3 shortbow.
  5008 | D:8      | 5008 ||| FLEEEEING.
  5009 | D:8      | 5009 ||| FLEEEEING.
  5010 | D:8      | 5010 ||| FLEEEEING.
  5011 | D:8      | 5011 ||| FLEEEEING.
  5109 | D:8      | Found a stormy altar of Qazlal.
  5111 | D:8      | Found a glowing golden altar of the Shining One.
  5127 | D:8      | Reached skill level 11 in Dodging
  5208 | D:8      | 5208 ||| RETREEEEATING.
  5210 | D:8      | 5210 ||| RETREEEEATING.
  5211 | D:8      | 5211 ||| RETREEEEATING.
  5212 | D:8      | 5212 ||| RETREEEEATING.
  5214 | D:8      | 5214 ||| RETREEEEATING.
  5216 | D:8      | 5216 ||| RETREEEEATING.
  5237 | D:8      | 5237 ||| RETREEEEATING.
  5238 | D:8      | 5238 ||| RETREEEEATING.
  5239 | D:8      | 5239 ||| RETREEEEATING.
  5240 | D:8      | 5240 ||| FLEEEEING.
  5241 | D:8      | 5241 ||| FLEEEEING.
  5242 | D:8      | 5242 ||| FLEEEEING.
  5243 | D:8      | 5243 ||| FLEEEEING.
  5244 | D:8      | 5244 ||| FLEEEEING.
  5245 | D:8      | 5245 ||| FLEEEEING.
  5246 | D:8      | 5246 ||| RETREEEEATING.
  5247 | D:8      | 5247 ||| RETREEEEATING.
  5248 | D:8      | 5248 ||| RETREEEEATING.
  5249 | D:8      | 5249 ||| RETREEEEATING.
  5250 | D:8      | 5250 ||| RETREEEEATING.
  5251 | D:8      | 5251 ||| RETREEEEATING.
  5252 | D:8      | 5252 ||| RETREEEEATING.
  5253 | D:8      | 5253 ||| RETREEEEATING.
  5254 | D:8      | 5254 ||| RETREEEEATING.
  5255 | D:8      | 5255 ||| RETREEEEATING.
  5256 | D:8      | 5256 ||| FLEEEEING.
  5257 | D:8      | 5257 ||| FLEEEEING.
  5272 | D:8      | 5272 ||| RETREEEEATING.
  5273 | D:8      | 5273 ||| RETREEEEATING.
  5274 | D:8      | 5274 ||| RETREEEEATING.
  5275 | D:8      | 5275 ||| RETREEEEATING.
  5276 | D:8      | 5276 ||| FLEEEEING.
  5277 | D:8      | 5277 ||| RETREEEEATING.
  5279 | D:8      | 5279 ||| RETREEEEATING.
  5280 | D:8      | 5280 ||| RETREEEEATING.
  5281 | D:8      | 5281 ||| RETREEEEATING.
  5282 | D:8      | 5282 ||| RETREEEEATING.
  5283 | D:8      | 5283 ||| RETREEEEATING.
  5284 | D:8      | 5284 ||| RETREEEEATING.
  5285 | D:8      | 5285 ||| RETREEEEATING.
  5288 | D:8      | 5288 ||| RETREEEEATING.
  5302 | D:8      | Reached skill level 12 in Dodging
  5302 | D:8      | Reached XP level 10. HP: 50/50 MP: 11/11
  5554 | D:8      | 5554 ||| DROPPING ring of magical power.
  5555 | D:8      | 5555 ||| READING scroll of identify.
  5555 | D:8      | 5555 ||| IDENTIFYING fizzy orange potion
  5556 | D:8      | 5556 ||| DROPPING potion of berserk rage.
  5592 | D:9      | 5592 ||| STAIRDANCE
  5758 | D:9      | Identified the +8 shortbow of the Sneaky Nightmares {flame,
                  | rPois rF+ Dex+2}
  5760 | D:9      | 5760 ||| SWAPPING to +8 shortbow of the Sneaky Nightmares
                  | {flame, rPois rF+ Dex+2}.
  5779 | D:9      | 5779 ||| RETREEEEATING.
  5782 | D:9      | 5782 ||| RETREEEEATING.
  5784 | D:9      | 5784 ||| RETREEEEATING.
  5911 | D:9      | Noticed Jeremiah
  5939 | D:9      | Killed Jeremiah
  6005 | D:9      | Reached skill level 13 in Dodging
  6241 | D:9      | Reached skill level 12 in Ranged Weapons
  6299 | D:9      | Found an iron altar of Okawaru.
  6300 | D:9      | 6300 ||| PLANNING OKAWARU WORSHIP
  6308 | D:9      | 6308 ||| UPGRADING to +0 troll leather armour.
  6318 | D:9      | 6318 ||| DROPPING +0 robe.
  6319 | D:9      | 6319 ||| READING scroll labelled INKUNUONLOL.
  6320 | D:9      | 6320 ||| READING scroll labelled EROREN MOSOTZ.
  6333 | D:9      | 6333 ||| READING 2 scrolls labelled PAAZOKK LUYQOKAU.
  6333 | D:9      | 6333 ||| ENCHANTING +0 cloak.
  6334 | D:9      | 6334 ||| READING scroll of enchant armour.
  6334 | D:9      | 6334 ||| ENCHANTING +1 cloak.
  6339 | D:9      | Became a worshipper of Warmaster Okawaru
  6340 | D:9      | 6340 ||| PLANNING D:1-11
  6368 | D:9      | Found a sacrificial altar of Ru.
  6450 | D:10     | Entered Level 10 of the Dungeon
  6451 | D:10     | 6451 ||| RETREEEEATING.
  6453 | D:10     | 6453 ||| RETREEEEATING.
  6478 | D:10     | Reached skill level 1 in Armour
  6485 | D:10     | 6485 ||| RETREEEEATING.
  6486 | D:10     | 6486 ||| RETREEEEATING.
  6628 | D:10     | Reached * piety under Okawaru
  6828 | D:10     | Noticed a sixfirhy
  6828 | D:10     | 6828 ||| INVOKING Heroism.
  6840 | D:10     | HP: 12/51 [sixfirhy[a kobold demonologist] (11)]
  6841 | D:10     | 6841 ||| READING 3 scrolls of teleportation.
  6841 | D:10     | Slain by a sixfirhy

Levels and vault maps discovered:
D:1:      sevenhm_arrival_forest_fort_large_2, layout_loops_ring, st_stairs_7,
          kennysheep_crisscross, chequers_serial_rivers_small_3
D:2:      layout_loops_ring, basic_altar, minivault_14, solitary_fountain,
          chequers_serial_rivers_small_3
D:3:      layout_basic, serial_shops, nicolae_shop_pleasant_corner_grove,
          dilly_ecumenical_altar_fadedgnrine, gammafunk_ghost_grave
D:4:      layout_loops_ring, minmay_temple_entry_junction, serial_shops,
          nicolae_shop_gibbet_a_chance, nicolae_shop_gaudy_bauble,
          nicolae_stop_n_shop_1
D:5:      layout_rooms, st_stairs_12
D:6:      layout_rooms, kennysheep_mini_moat,
          serial_library_hellmonk_secret_room, dilly_guarded_unrand_morg,
          uniq_crazy_yiuf_cottage
D:7:      layout_basic, hex_medium, kennysheep_generic_room_10
D:8:      layout_cave_pools, grunt_temple_overflow_open, lightli_orcish_oven
D:9:      layout_irregular_city, mainiacjoe_overflow_two_lobes, grunt_ogre_cave,
          kennysheep_nub, uniq_jeremiah
D:10:     layout_basic, dpeg_oklobed_lair, zombieorc2_lemuel,
          nicolae_nh_oracle_at_delphi
Temple:   nicolae_temple_bog_church

Skill      XL: |  1  2  3  4  5  6  7  8  9 10 |
---------------+-------------------------------+-----
Dodging        | 3 4 5 6 9 12 13 | 13.0
Ranged Weapons | 5 6 8 9 11 12 | 12.6
Fighting       | 2 3 4 5 |  5.1
Armour         | 1 |  1.2
Stealth        | |  1.5
Invocations    | |  0.6

Action                     |  1- 3 |  4- 6 |  7- 9 | 10-12 || total
---------------------------+-------+-------+-------+-------++-------
   Fire: Shortbow          |   113 |   136 |   215 |   154 ||   618
         Orcbow            |       |       |   131 |    52 ||   183
 Invoke: Heroism           |       |       |       |     1 ||     1
  Evoke: Wand              |       |     3 |     1 |       ||     4
    Use: Scroll            |     2 |    12 |     5 |     6 ||    25
         Potion            |       |     1 |       |       ||     1
 Armour: Robe              |     7 |    10 |    39 |     2 ||    58
         Troll leather arm |       |       |       |     5 ||     5
  Dodge: Dodged            |    53 |    41 |   179 |    96 ||   369

Table legend:
 A = Non-vault XP
 B = Vault XP
 C = Vault XP percentage of total XP
 D = Non-vault monster count
 E = Vault monster count
 F = Vault count percentage of total count
                 A         B        C        D         E       F
            +---------+---------+-------+---------+---------+-------
      Total |    9092 |    1144 |  11.2 |     210 |      19 |   8.3
            +---------+---------+-------+---------+---------+-------
        D:1 |      45 |       1 |   2.2 |      29 |       1 |   3.3
        D:2 |      72 |       0 |   0.0 |      20 |       0 |   0.0
        D:3 |     141 |       0 |   0.0 |      26 |       0 |   0.0
        D:4 |     322 |       0 |   0.0 |       9 |       0 |   0.0
        D:5 |    1201 |      45 |   3.6 |      13 |       1 |   7.1
        D:6 |     535 |     481 |  47.3 |      17 |       8 |  32.0
        D:7 |     986 |      72 |   6.8 |      25 |       2 |   7.4
        D:8 |    2158 |      15 |   0.7 |      17 |       5 |  22.7
        D:9 |    1863 |     530 |  22.1 |      24 |       2 |   7.7
       D:10 |    1769 |       0 |   0.0 |      30 |       0 |   0.0
            +---------+---------+-------+---------+---------+-------
